Map: Frozen Temple

Players

SolO - Winner!

  • Race: Zerg Zerg
  • League: Grandmaster

Miszu

  • Race: Terran Terran
  • League: Master

VOD

Have the link to the VOD?

Description

Time

  • Played on: April 30, 2016, 6:53 p.m.
  • Length: 4:16
Show
View Real Time Build Order
Export as new Build Order

SolO Zerg - Winner!

Build Orders: Hatch First 

Get SALT Encoding   

  12  0:01  Drone  
  13  0:13  Overlord  
  13  0:18  Drone  
  14  0:37  Drone x2  
  14  0:38  Drone  
  17  0:53  Hatchery  
  17  0:56  Drone  
  17  1:01  Drone  
  18  1:10  Extractor  
  17  1:15  Spawning Pool  
  17  1:18  Drone  
  17  1:22  Drone  
  18  1:31  Drone  
  19  1:42  Overlord  
  19  2:01  Queen  
  19  2:03  Zergling x4  
  19  2:04  Queen  
  25  2:11  Metabolic Boost  
  25  2:13  Drone  
  25  2:14  Drone  
  27  2:19  Drone  
  28  2:27  Extractor  
  28  2:28  Drone x2  
  29  2:31  Evolution Chamber  
  28  2:38  Drone x2  
  28  2:40  Queen  
  34  2:46  Overlord  
  34  2:49  Drone  
  36  2:58  Drone  
  36  2:59  Overlord  
  36  3:16  Drone  
  36  3:17  Drone x2  
  39  3:20  Drone x2  
  39  3:22  Zergling x4, Hatchery  
  39  3:23  Zergling x2  
  43  3:31  Zergling x4  
  45  3:36  Overlord  
  45  3:41  Drone  
  46  3:48  Drone  
  46  3:49  Drone  
  46  3:54  Overlord, Extractor  
  47  3:55  Extractor  
  47  3:56  Extractor, Drone x2  
Show
View Real Time Build Order
Export as new Build Order

Miszu Terran 

Build Orders: Reaper Expand 

Get SALT Encoding   

  12  0:00  SCV  
  13  0:13  SCV  
  14  0:18  Supply Depot  
  14  0:25  SCV  
  15  0:39  SCV  
  15  0:41  Barracks  
  16  0:44  Refinery  
  16  0:52  SCV  
  17  1:04  SCV  
  18  1:16  SCV  
  19  1:28  Orbital Command  
  19  1:29  Reaper  
  20  1:41  Command Center  
  20  1:52  Supply Depot  
  20  1:55  SCV  
  20  2:01  Marine  
  21  2:07  SCV  
  23  2:15  Factory  
  23  2:20  SCV  
  24  2:38  SCV  
  24  2:39  Barracks Reactor  
  25  2:47  Command Center  
  25  2:50  SCV  
  26  2:56  Orbital Command  
  26  3:02  SCV  
  27  3:14  SCV  
  28  3:24  Hellion x2, Barracks Tech Lab, SCV  
  28  3:26  SCV  
  33  3:36  SCV  
  33  3:38  SCV  
  35  3:42  Marine  
  36  3:48  SCV  
  36  3:49  Refinery  
  36  3:50  SCV  
  36  3:53  Factory Reactor  
  36  3:54  Barracks  
  38  3:55  Barracks  
  38  4:01  SCV  
  40  4:02  SCV  
Tags
 
Add a new tag
Caveats
  • Supply blocks, unpowered buildings, or Contaminate may cause inaccurate times.
  • Supply counts are checked every 10 seconds.